Map: Coda EC

Players

ConorOberst - Winner!

  • Race: Protoss Protoss

AgCl

  • Race: Protoss Protoss

VOD

Have the link to the VOD?

Description

Time

  • Played on: May 16, 2015, 7:30 p.m.
  • Length: 4:16
Show
View Real Time Build Order
Export as new Build Order

ConorOberst Protoss - Winner!

Build Orders: Oracle Opening, Oracle Opening 

Get SALT Encoding   

  12  0:02  Probe  
  13  0:15  Pylon  
  13  0:18  Probe  
  14  0:33  Gateway  
  14  0:34  Probe (Chrono Boost)  
  16  0:44  Probe (Chrono Boost)  
  16  0:49  Assimilator  
  16  0:51  Probe  
  16  0:56  Assimilator  
  17  1:03  Probe (Chrono Boost)  
  18  1:15  Probe (Chrono Boost)  
  19  1:20  Cybernetics Core  
  19  1:24  Probe  
  20  1:34  Pylon  
  20  1:36  Probe (Chrono Boost)  
  21  1:48  Probe (Chrono Boost)  
  22  1:55  Probe (Chrono Boost)  
  22  1:57  Stargate  
  23  2:05  Adept (Chrono Boost)  
  25  2:32  Nexus  
  25  2:41  Oracle (Chrono Boost)  
  28  2:48  Pylon  
  28  2:52  Probe  
  29  3:04  Probe  
  30  3:14  Oracle (Chrono Boost)  
  30  3:16  Probe  
  32  3:28  Probe  
  32  3:32  Pylon  
  33  3:41  Probe (Chrono Boost)  
  38  3:53  Probe (Chrono Boost)  
  39  4:00  Probe x2 (Chrono Boost), Assimilator  
  41  4:04  Assimilator  
Show
View Real Time Build Order
Export as new Build Order

AgCl Protoss 

Build Orders: Nexus First 

Get SALT Encoding   

  12  0:11  Probe  
  13  0:23  Probe  
  14  0:38  Pylon  
  14  0:55  Nexus  
  14  0:56  Probe  
  15  1:08  Probe (Chrono Boost)  
  17  1:19  Probe (Chrono Boost)  
  17  1:25  Probe (Chrono Boost), Assimilator  
  17  1:26  Pylon  
  18  1:37  Probe  
  19  1:41  Gateway  
  19  1:52  Probe (Chrono Boost)  
  20  2:03  Probe (Chrono Boost)  
  21  2:09  Probe (Chrono Boost)  
  21  2:11  Probe (Chrono Boost)  
  21  2:15  Assimilator  
  23  2:21  Probe (Chrono Boost)  
  23  2:22  Probe (Chrono Boost)  
  25  2:29  Probe (Chrono Boost)  
  26  2:30  Cybernetics Core, Probe (Chrono Boost)  
  26  2:34  Assimilator  
  27  2:39  Probe  
  27  2:43  Probe (Chrono Boost)  
  29  2:48  Pylon  
  29  2:51  Probe (Chrono Boost)  
  30  2:58  Probe (Chrono Boost)  
  31  3:02  Probe (Chrono Boost)  
  32  3:06  Probe (Chrono Boost)  
  32  3:10  Zealot  
  35  3:14  Probe (Chrono Boost)  
  35  3:16  Mothership Core (Chrono Boost)  
  33  3:23  Probe (Chrono Boost)  
  33  3:27  Probe  
  35  3:32  Probe  
  36  3:39  Probe  
  34  3:44  Probe, Stargate  
Tags
 
Add a new tag
Caveats
  • Supply blocks, unpowered buildings, or Contaminate may cause inaccurate times.
  • Supply counts are checked every 10 seconds.